AoeStats
← tapiatemo

Arabia

510236215Analyzed
1v1 RM · 2d ago on Sep 30, 2026· 33m 5s· 2 players
Game mode
Random Map
Map size
Tiny (2 player)
Population
200
Speed
Normal
Resources
Standard
Victory
Conquest
Starting age
Dark Age
Ending age
Imperial Age
RankedLock teamsTeams togetherTeam positionsShared explorationLock speedFull tech treeHidden civsTurbo modeCheats
Victory
Defeat
🇲🇽 Ethiopians · Mexico
1153
+17
🇲🇽 Slavs · Mexico
1179
-17
tapiatemo
5:04 Loom
11:36 Feudal Age
18:00 Castle Age
17:00 Double-Bit Axe
16:58 Horse Collar
23:39 Fletching
H4CK70R
5:41 Loom
8:53 Feudal Age
9:21 Double-Bit Axe
15:17 Fletching
20:41 Castle Age
19:26 Gold Mining
19:17 Horse Collar
21:51 Bodkin Arrow
21:19 Crossbowman
23:05 Ballistics
23:22 Town Watch
23:50 Bow Saw
24:49 Bloodlines
27:18 Scale Barding Armor
27:16 Husbandry
28:57 Chain Barding Armor
33:14 Wheelbarrow
34:03 Wheelbarrow
Connection lost

Rejoining the realm…

Still unreachable

The connection could not be restored.

Session expired

The server has moved on; the page needs a fresh start.